[Event "*** SCC Grand Prix: Titled Tuesday Blitz"]
[Site "Chess.com"]
[Date "2020.07.14"]
[Round "2"]
[White "doctorcristian"]
[Black "Oneofmyturns"]
[Result "0-1"]
[WhiteElo "2397"]
[BlackElo "2695"]
[TimeControl "180+1"]
[EndTime "10:18:15 PDT"]
[Termination "Oneofmyturns won by resignation"]

1. d4 Nf6 2. Nc3 g6 3. e4 d6 4.
Bg5 Bg7 5. Qe2 Nc6 6. O-O-O a6 7. e5 Ng4 8. e6 f5 9. Nf3 h6 10. Bf4 g5 11. Bg3 f4 12. Qe4 O-O 13. d5 Nce5 14.
Nxe5 Nxe5 15. h4 fxg3 16. hxg5 gxf2 17. gxh6 Bf6 18. Bd3 Nxd3+ 19. cxd3 Qe8 20. Kc2 c6 21. Rh3 Kh8 22. Rg3 Rg8 23. Rxg8+ Qxg8 24. Rf1 cxd5 25. Nxd5 Qxe6 26. Nxf6 exf6 27. Rxf2 Qxe4 28. dxe4 Bd7 29. Rxf6 Rd8 30. Kd2 Bc6 31. Ke3 Re8 32. Rxd6 Rxe4+ 33. Kf2 Rg4 34. g3 Kh7 35. Re6 Rg6 36. Rxg6 Kxg6 37. Ke3 Kxh6 38. Kd4 Kg5 39. Kc5 Kg4 40. b3 Kxg3 41.
a3 Kf4 42. a4 Ke3 43. Kb6 Kd4 44. b4 Kc4 45. b5 axb5 46. axb5 Bd5 47. Ka5 Kc5 48. b6 Kc6 0-1

[Event "*** SCC Grand Prix: Titled Tuesday Blitz"]
[Site "Chess.com"]
[Date "2020.07.14"]
[Round "2"]
[White "MF1966Idrisov"]
[Black "Onegust"]
[Result "0-1"]
[WhiteElo "2316"]
[BlackElo "2610"]
[TimeControl "180+1"]
[EndTime "10:18:16 PDT"]
[Termination "Onegust won by resignation"]

1. Nf3 Nf6 2. b3 g6 3. Bb2 Bg7 4. c4 O-O 5. g3 d6 6. d4 c5 7. Bg2 cxd4 8. Nxd4 Qa5+ 9. Qd2 Qh5 10. Nc3 Bh3 11. Bxb7 Nbd7 12. Bxa8 Rxa8 13. O-O-O Nc5 14.
Kb1 a5 15. f3 Bd7 16. h4 Qe5 17. Rhg1 a4 18. b4 a3 19. Ba1 Rb8 20. Ndb5 Bf5+ 21.
e4 Nfxe4 22. fxe4 Nxe4 23. Qf4 Nxc3+ 24. Kc1 Qe2 25. Rd2 Nxa2+ 26. Rxa2 Qxa2 27. Bxg7 Kxg7 28. Qd4+ Kg8 29. Qc3 Rc8 30. c5 Qb1+ 31. Kd2 Qxg1 32. c6 Qb6 33. Nd4 a2 34. Nxf5 gxf5 35. h5 Qxc6 36.
Qe3 Qc1+ 37. Ke2 Qxe3+ 38. Kxe3 a1=Q 39. Kf4 Qe5+ 40. Kg5 Rc4 0-1

[Event "*** SCC Grand Prix: Titled Tuesday Blitz"]
[Site "Chess.com"]
[Date "2020.07.14"]
[Round "2"]
[White "alexrustemov"]
[Black "elamier"]
[Result "1/2-1/2"]
[WhiteElo "2705"]
[BlackElo "2321"]
[TimeControl "180+1"]
[EndTime "10:18:16 PDT"]
[Termination "Game drawn by repetition"]

1. d4 d5 2. c4 c6 3. Nc3 Nf6 4.
e3 Bf5 5. cxd5 cxd5 6. Qb3 Bc8 7.
Nf3 e6 8. Bd3 Be7 9. Ne5 O-O 10.
f4 b6 11. Bd2 Bb7 12. Rc1 Nbd7 13. O-O Ne4 14. Nxe4 dxe4 15. Nxd7 Qxd7 16. Bb5 Qd5 17. Rc7 Bf6 18. Rfc1 Qxb3 19. axb3 Bd5 20. Bc4 Bxc4 21.
R1xc4 Rfe8 22. Bb4 a5 23. Bd6 b5 24. R4c5 b4 25. Rb7 Rac8 26. Kf2 Rxc5 27. dxc5 Rc8 28. Ra7 h5 29. Rxa5 Bxb2 30. g3 Kh7 31. h3 Kg6 32. Rb5 Bc3 33. g4 hxg4 34. hxg4 f5 35. g5 Kf7 36.
Rb7+ Kg6 37. Ke2 Kh5 38. Ra7 Kg4 39. Ra6 Rd8 40. Ra7 Rh8 41. c6 Rh2+ 42. Kd1 Rh1+ 43.
Kc2 Rh2+ 44. Kd1 Rh1+ 45. Kc2 Rh2+ 46. Kd1 1/2-1/2

[Event "*** SCC Grand Prix: Titled Tuesday Blitz"]
[Site "Chess.com"]
[Date "2020.07.14"]
[Round "2"]
[White "Future2700"]
[Black "Ty3oB"]
[Result "0-1"]
[WhiteElo "2389"]
[BlackElo "2160"]
[TimeControl "180+1"]
[EndTime "10:18:16 PDT"]
[Termination "Ty3oB won on time"]

1. e4 e5 2. Nf3 Nf6 3. d4 Nxe4 4. Bd3 d5 5. Nxe5 Nd7 6. O-O Nxe5 7. dxe5 Nc5 8. Be2 Be7 9. f4 Bf5 10. Be3 Qd7 11. Nc3 c6 12. g4 Be4 13. Nxe4 Nxe4 14. c4 Bc5 15. Bxc5 Nxc5 16. cxd5 cxd5 17. Rc1 Ne4 18. Bf3 Rd8 19. Qd4 O-O 20. Bxe4 dxe4 21. Qxd7 Rxd7 22. Rfd1 Rxd1+ 23. Rxd1 f5 24. Kf2 fxg4 25.
Ke3 h5 26. Kxe4 Rf7 27. f5 Rc7 28. e6 Kf8 29. Rd2 Ke7 30. Kf4 Kf6 31. Re2 Rc4+ 32.
Kg3 Rc8 33. Kh4 Kxf5 34. e7 Re8 35. Rf2+ Kg6 36. Re2 Kh6 37. Re6+ g6 38. Kg3 Kg7 39. Kf4 Kf7 0-1

[Event "*** SCC Grand Prix: Titled Tuesday Blitz"]
[Site "Chess.com"]
[Date "2020.07.14"]
[Round "2"]
[White "Joseacorrea"]
[Black "coalescenet"]
[Result "0-1"]
[WhiteElo "1943"]
[BlackElo "2345"]
[TimeControl "180+1"]
[EndTime "10:18:16 PDT"]
[Termination "coalescenet won on time"]

1. c4 e6 2. Nc3 d5 3. cxd5 exd5 4. d4 c6 5. Nf3 Bd6 6. g3 Bf5 7. Bg2 Nd7 8. Nh4 Bg4 9. h3 Bh5 10. Nf5 Bf8 11. Bf4 Nb6 12. O-O g5 13. Be3 Bg6 14.
g4 Qd7 15. Ng3 Be7 16. Qd2 Nc4 17. Qc1 Nxe3 18. fxe3 Nf6 19. Nf5 h5 20. Nxe7 Qxe7 21. e4 Nxe4 22. Nxe4 dxe4 23. Qe3 hxg4 24. hxg4 O-O-O 25. d5 Rxd5 26. Qxa7 Qc5+ 27. Qxc5 Rxc5 28. Rac1 Rxc1 29.
Rxc1 Rd8 30. b4 Rd2 31. b5 Kc7 32. bxc6 bxc6 33. a3 Rxe2 34. Kf1 Ra2 35. Rc3 Kd6 36. Re3 Kd5 37. Rc3 c5 38. Rb3 Kc4 39. Re3 Kd4 40.
Re2 Rxa3 41. Rd2+ Rd3 42. Re2 c4 43. Kf2 c3 44. Bf1 Rd2 45. Rxd2+ cxd2 46. Ke2 e3 47. Kd1 Be4 48. Be2 Kc3 0-1

[Event "*** SCC Grand Prix: Titled Tuesday Blitz"]
[Site "Chess.com"]
[Date "2020.07.14"]
[Round "2"]
[White "BikingBrian"]
[Black "tlomigtlis"]
[Result "1/2-1/2"]
[WhiteElo "2207"]
[BlackElo "2421"]
[TimeControl "180+1"]
[EndTime "10:18:18 PDT"]
[Termination "Game drawn - insufficient material"]

1. d4 d5 2. Bf4 c5 3. e3 Nc6 4. Nc3 a6 5. Nf3 Nf6 6. dxc5 e6 7. Na4 Bxc5 8. Nxc5 Qa5+ 9. c3 Qxc5 10. Be2 O-O 11.
O-O Qe7 12. Ne5 h6 13. c4 Rd8 14. Qc2 Nd7 15. Nxd7 Bxd7 16. cxd5 Nb4 17. d6 Qf6 18. Qc3 Qxc3 19. bxc3 Nd5 20. c4 Nxf4 21. exf4 Rac8 22.
Rac1 Rc5 23. Bf3 Bc6 24. Bxc6 Rxc6 25. c5 b6 26. cxb6 Rxb6 27. Rc2 Rbxd6 28. g3 Rd2 29.
Rfc1 Kh7 30. Kg2 Kg6 31. Kf1 a5 32. Ke1 R2d4 33. Rc4 Kf6 34. a4 Rxc4 35. Rxc4 Rd5 36. Ke2 Kf5 37. h3 g5 38. g4+ Kg6 39. fxg5 hxg5 40.
f4 f5 41. fxg5 Kxg5 42. gxf5 exf5 43. h4+ Kh5 44. Kf3 Rd3+ 45. Kf4 Kxh4 46. Kxf5+ Kg3 47. Ke4 Rb3 48. Kd5 Rb8 49. Rc5 Ra8 50. Kc4 Kf4 51. Rc6 Ke4 52. Re6+ Kf5 53. Rc6 Ke5 54.
Kb5 Kd5 55. Ra6 Rxa6 56. Kxa6 Kc6 57. Kxa5 Kb7 58. Kb5 Ka7 59. a5 Kb7 60. a6+ Ka7 61. Kb4 Ka8 62. a7 Kxa7 1/2-1/2

[Event "*** SCC Grand Prix: Titled Tuesday Blitz"]
[Site "Chess.com"]
[Date "2020.07.14"]
[Round "2"]
[White "chesslh19"]
[Black "ditkin25"]
[Result "0-1"]
[WhiteElo "2147"]
[BlackElo "2410"]
[TimeControl "180+1"]
[EndTime "10:18:18 PDT"]
[Termination "ditkin25 won on time"]

1. e4 c6 2. d4 d5 3. Nd2 dxe4 4. Nxe4 Bf5 5. Ng3 Bg6 6. h4 h6 7. Nf3 e6 8. Ne5 Bh7 9. Bc4 Nd7 10. Qe2 Nxe5 11.
dxe5 Ne7 12. Bd2 Nd5 13. O-O-O Qc7 14. f4 O-O-O 15. Ne4 Kb8 16. Kb1 Bb4 17. Bxb4 Nxb4 18. a3 Nd5 19. g3 Bxe4 20. Qxe4 Qb6 21. Bxd5 cxd5 22. Qd4 Qb5 23. Rd3 Rc8 24. Rhd1 Rc4 25. Qf2 Rhc8 26. R1d2 Rxc2 27. Rxc2 Qxd3 28. Qd2 Qxc2+ 29.
Qxc2 Rxc2 30. Kxc2 Kc7 31. Kd3 Kc6 32. Kd4 h5 33. b3 g6 34. Kd3 Kc5 35. Kc3 d4+ 36.
Kd3 Kd5 37. b4 b5 38. Ke2 Kc4 39. Kf3 d3 40. g4 Kc3 41. f5 d2 0-1

[Event "*** SCC Grand Prix: Titled Tuesday Blitz"]
[Site "Chess.com"]
[Date "2020.07.14"]
[Round "2"]
[White "margarita_2703"]
[Black "bmt011"]
[Result "0-1"]
[WhiteElo "2376"]
[BlackElo "2120"]
[TimeControl "180+1"]
[EndTime "10:18:18 PDT"]
[Termination "bmt011 won on time"]

1. Nf3 Nf6 2. d4 e6 3. Bf4 Be7 4. e3 b6 5. Nbd2 Bb7 6. Bd3 O-O 7. c3 d6 8. e4 e5 9. dxe5 Nh5 10. Be3 dxe5 11. Nxe5 Bf6 12. Qxh5 Bxe5 13. Bc2 f5 14. f4 g6 15. Qe2 Bd6 16. e5 Be7 17. O-O-O Ba6 18. Qf3 Nd7 19. e6 Nf6 20. Nc4 Qc8 21.
Ne5 c5 22. Nd7 Bb7 23. Qh3 Rd8 24. Nxf6+ Bxf6 25. Rxd8+ Bxd8 26. Bxf5 gxf5 27. Qxf5 Qc7 28. Rd1 Bc6 29. g4 Qg7 30. Qh5 Be7 31. f5 Be8 32. Qh3 Bg5 33. Qg3 Rd8 34. Rxd8 Bxd8 35. g5 h6 36. f6 Qg6 37. Qb8 Bxf6 38. gxf6 Qxf6 39. Qxe8+ Kh7 40. Qf7+ Qxf7 41. exf7 Kg7 42. f8=Q+ Kxf8 43. Bxh6+ Kf7 44. Bf4 Ke6 0-1

[Event "*** SCC Grand Prix: Titled Tuesday Blitz"]
[Site "Chess.com"]
[Date "2020.07.14"]
[Round "2"]
[White "Pavel_Mir"]
[Black "HouseOfDurin"]
[Result "1-0"]
[WhiteElo "2360"]
[BlackElo "2004"]
[TimeControl "180+1"]
[EndTime "10:18:18 PDT"]
[Termination "Pavel_Mir won on time"]

1. e4 c5 2. Nf3 Nc6 3. Nc3 e5 4. Bc4 g6 5. d3 h6 6. O-O Bg7 7. a3 a5 8. Nb5 d6 9. c3 Nge7 10. h3 O-O 11. Be3 b6 12. d4 Kh7 13. Qd2 f5 14. dxe5 dxe5 15. Qxd8 Rxd8 16. Rad1 Ba6 17.
a4 f4 18. Bc1 Rxd1 19. Rxd1 Rd8 20. Rxd8 Nxd8 21. h4 Bf6 22. g3 g5 23. h5 Kg7 24. Nh2 Bxb5 25. axb5 Nf7 26. Bxf7 Kxf7 27. Ng4 Bg7 28. Kf1 Ke6 29. Ke2 c4 30. Kd1 Nc8 31. gxf4 gxf4 32. f3 Nd6 33. Kc2 a4 34. Bd2 Nxb5 35.
Be1 Nc7 36. Bh4 b5 37. Bd8 Ne8 38. Bh4 Nf6 39. Bxf6 Bxf6 40. Nxh6 Bg7 41. Nf5 Bf6 42. Nh6 Bg5 43. Ng4 Bf6 44. Kb1 Kf7 45. Ka2 Ke6 46. Ka3 Be7+ 47. Ka2 Bc5 48. h6 Kf7 49. Nxe5+ 1-0

[Event "*** SCC Grand Prix: Titled Tuesday Blitz"]
[Site "Chess.com"]
[Date "2020.07.14"]
[Round "2"]
[White "CrazyMartian"]
[Black "Timerkhanov"]
[Result "0-1"]
[WhiteElo "2297"]
[BlackElo "2610"]
[TimeControl "180+1"]
[EndTime "10:18:19 PDT"]
[Termination "Timerkhanov won on time"]

1. d4 d5 2. Bf4 c5 3. e3 Nc6 4. c3 Nf6 5. Nd2 cxd4 6. exd4 Bg4 7. Qb3 Qc8 8. Ngf3 e6 9. Bd3 Be7 10. Ne5 Nxe5 11. Bxe5 O-O 12. O-O a6 13. a4 Bh5 14.
a5 Bg6 15. Bxg6 hxg6 16. Bxf6 Bxf6 17. Qa4 Qc7 18. Ra3 Qf4 19. Nf3 g5 20. h3 g6 21.
Qd1 Kg7 22. Qd2 Qf5 23. Nh2 Rh8 24. Ng4 Be7 25. Rb3 Rab8 26. Re1 Bd6 27. Qe3 Qf4 28. Qxf4 gxf4 29. Ne5 Rhd8 30. Nd3 g5 31. Kf1 Re8 32. Ke2 f6 33. Kd2 e5 34. Nc5 Bxc5 35. dxc5 Rec8 36.
Rb6 Rxc5 37. b4 Rc7 38. Rd6 Rbc8 39. Rc1 d4 40. Kd1 dxc3 41. Kc2 Kf7 0-1

[Event "*** SCC Grand Prix: Titled Tuesday Blitz"]
[Site "Chess.com"]
[Date "2020.07.14"]
[Round "2"]
[White "Firouzja2003"]
[Black "AleksanderHnydiuk"]
[Result "1-0"]
[WhiteElo "3074"]
[BlackElo "2581"]
[TimeControl "180+1"]
[EndTime "10:18:20 PDT"]
[Termination "Firouzja2003 won on time"]

1. e4 c5 2. Nf3 e6 3. d4 cxd4 4.
Nxd4 Nc6 5. Nc3 a6 6. Be3 Nf6 7. Qf3 Bb4 8. Bd3 O-O 9. O-O Ne5 10. Qg3 d6 11. f4 Neg4 12. e5 Nxe3 13. exf6 Qxf6 14.
Qxe3 Bc5 15. Nce2 Qh6 16. b4 Ba7 17. Rf3 e5 18. fxe5 dxe5 19. Qxe5 Bg4 20. Qf4 Bxf3 21.
Qxh6 gxh6 22. gxf3 Rfe8 23. Kf1 Rad8 24. Nf5 Re5 25.
Neg3 Kf8 26. Re1 Rxe1+ 27. Kxe1 a5 28. b5 Bc5 29. Nxh6 Rd5 30. Ke2 Re5+ 31. Be4 b6 32. c4 Be7 33. Ng4 Rc5 34. Bd5 Rc8 35. Ne5 Bd6 36. Nd7+ Ke7 37. Nxb6 Re8 38. Kd3 Rg8 39.
Nf5+ 1-0

[Event "*** SCC Grand Prix: Titled Tuesday Blitz"]
[Site "Chess.com"]
[Date "2020.07.14"]
[Round "2"]
[White "GoltsevDmitry2000"]
[Black "RaunakSadhwani2005"]
[Result "0-1"]
[WhiteElo "2560"]
[BlackElo "2955"]
[TimeControl "180+1"]
[EndTime "10:18:20 PDT"]
[Termination "RaunakSadhwani2005 won on time"]

1. e4 c6 2. d4 d5 3. exd5 cxd5 4. Ne2 Nf6 5. Nf4 Bg4 6. Be2 Bxe2 7. Qxe2 e6 8. O-O Bd6 9. Qb5+ Qd7 10. Qxd7+ Kxd7 11.
Nd3 Nc6 12. c3 b5 13. Nd2 b4 14. Nb3 bxc3 15. bxc3 Kc7 16. Nbc5 Nd7 17. Nxd7 Kxd7 18.
Rb1 Rab8 19. Bf4 Bxf4 20. Nxf4 Na5 21. Nd3 Nc4 22. Nc5+ Kc6 23. Rfd1 Rb6 24. Rb3 Rhb8 25. Kf1 e5 26. Nd3 e4 27. Nc1 a5 28. Rxb6+ Rxb6 29. Nb3 a4 30. Nc5 Rb2 31. Nxa4 Rxa2 32. Nc5 e3 33. Re1 Rxf2+ 34. Kg1 Rc2 35. Rf1 Nd2 36. Re1 Rxc3 37. h3 h5 38. Re2 Rc1+ 39. Kh2 Nf1+ 0-1

[Event "*** SCC Grand Prix: Titled Tuesday Blitz"]
[Site "Chess.com"]
[Date "2020.07.14"]
[Round "2"]
[White "LilRag"]
[Black "tigra"]
[Result "0-1"]
[WhiteElo "2513"]
[BlackElo "2817"]
[TimeControl "180+1"]
[EndTime "10:18:20 PDT"]
[Termination "tigra won by resignation"]

1. d4 d6 2. e4 Nf6 3. Nc3 e5 4. Nf3 Nbd7 5. dxe5 dxe5 6. Bc4 Bb4 7. Qe2 O-O 8. Bd2 c6 9. a3 Ba5 10. h3 b5 11. Ba2 Qe7 12. O-O Bc7 13. Rad1 a5 14.
Rfe1 b4 15. Nb1 Nb6 16. Bg5 h6 17. Bh4 Ba6 18. Qe3 Rfd8 19. Nbd2 c5 20. Nf1 c4 21. Ng3 Rxd1 22. Rxd1 Rd8 23. Re1 Bc8 24. Nh5 Kh7 25. Nxf6+ gxf6 26. Nd2 Be6 27. axb4 axb4 28. Bb1 Rg8 29.
Kh2 Bd8 30. Rg1 Qc7 31. Nf1 Nd7 32. Ng3 Nc5 33. c3 bxc3 34. bxc3 Rg6 35. Bc2 Be7 36. Bd1 Nd3 37. Bh5 Rg7 38. Ne2 Bc5 39. Qf3 f5 40. Bg3 f4 41. Bh4 f5 42. exf5 Bxf5 43. Kh1 e4 44. Bg6+ Kxg6 0-1

[Event "*** SCC Grand Prix: Titled Tuesday Blitz"]
[Site "Chess.com"]
[Date "2020.07.14"]
[Round "2"]
[White "Kopytkin"]
[Black "topotun"]
[Result "0-1"]
[WhiteElo "2466"]
[BlackElo "2702"]
[TimeControl "180+1"]
[EndTime "10:18:20 PDT"]
[Termination "topotun won on time"]

1. e4 c5 2. d4 cxd4 3. c3 dxc3 4. Nxc3 Nc6 5. Nf3 d6 6. Bc4 a6 7. O-O Nf6 8. e5 dxe5 9. Qxd8+ Nxd8 10. Nxe5 e6 11. Rd1 Be7 12. Be3 b5 13. Be2 Bb7 14.
Rac1 Nd5 15. Bf3 Nxe3 16. Bxb7 Nxb7 17. fxe3 Rc8 18. Ne4 Rxc1 19. Rxc1 f6 20. Rc8+ Nd8 21. Nc6 e5 22. Nxe7 Kxe7 23. Nc5 Nf7 24. Rc7+ Kd6 25. Nxa6 Ng5 26. Nb4 Ne4 27. Rc6+ Kd7 28. Rc2 Ra8 29. a3 Ke6 30. Kf1 Kf5 31. Ke2 h5 32. Nd3 Rd8 33.
Nf2 Nxf2 34. Kxf2 Ke4 35. Ke2 Rd3 36. Rc3 Rxc3 37. bxc3 f5 38. Kd2 h4 39. h3 g5 40. Ke2 g4 41. hxg4 fxg4 42. Kf2 Kd5 0-1

[Event "*** SCC Grand Prix: Titled Tuesday Blitz"]
[Site "Chess.com"]
[Date "2020.07.14"]
[Round "2"]
[White "PawnEatingZombie"]
[Black "Mikhail_Golubev"]
[Result "1-0"]
[WhiteElo "2214"]
[BlackElo "2582"]
[TimeControl "180+1"]
[EndTime "10:18:20 PDT"]
[Termination "PawnEatingZombie won on time"]

1. d4 Nf6 2. c4 g6 3. Nc3 Bg7 4. e4 d6 5. Be2 O-O 6. Be3 Nbd7 7. Nf3 e5 8. O-O Qe7 9. d5 Ng4 10. Bg5 f6 11. Bc1 a5 12. Rb1 Nc5 13. Nd2 Nh6 14. b3 f5 15. a3 f4 16. b4 axb4 17.
axb4 Nd7 18. Nb5 Nf6 19. Qc2 g5 20. f3 g4 21. c5 gxf3 22. gxf3 Bh3 23. Rf2 Nh5 24.
cxd6 Qg5+ 25. Kh1 Ng3+ 26. hxg3 fxg3 27. Rg2 Qh4 28. Nf1 Ng4 29. Kg1 Bxg2 30. Kxg2 Rf6 31. dxc7 Rc8 32. d6 Nf2 33. Nxg3 Rg6 34. Kxf2 Qxg3+ 35. Ke3 Bh6+ 36. Kd3 Qf2 37. d7 Rd6+ 38. Kc4 Rc6+ 39.
Kb3 Rf8 40. d8=Q Rxc2 41. Kxc2 Qxe2+ 42. Kb3 Qxb5 43. Qxf8+ 1-0

[Event "*** SCC Grand Prix: Titled Tuesday Blitz"]
[Site "Chess.com"]
[Date "2020.07.14"]
[Round "2"]
[White "DrVitman"]
[Black "SargissyanSargis"]
[Result "0-1"]
[WhiteElo "2521"]
[BlackElo "2307"]
[TimeControl "180+1"]
[EndTime "10:18:20 PDT"]
[Termination "SargissyanSargis won on time"]

1. e4 e5 2. Nf3 Nc6 3. Bc4 Bc5 4. O-O Nf6 5. d4 Bxd4 6. Nxd4 Nxd4 7. Bg5 d6 8. f4 Be6 9. Bxe6 Nxe6 10. Bxf6 Qxf6 11. f5 Nc5 12. Nc3 c6 13. b4 Na6 14. b5 Nc5 15. Rb1 O-O 16. Qf3 Rad8 17. g4 d5 18. exd5 e4 19.
Nxe4 Nxe4 20. Qxe4 Rxd5 21. bxc6 Rd4 22. Qf3 Qxc6 23. h3 Qxc2 24. Rxb7 Rd3 25. Qf2 Qc6 26. Rxa7 Rxh3 27. Qg2 Qc5+ 28. Qf2 Rg3+ 29. Kh2 Qxf2+ 30. Rxf2 Rxg4 31. a4 h5 32. a5 Ra4 33. f6 gxf6 34.
Rxf6 Kg7 35. Rf5 Kg6 36. Rf3 Rc8 37. a6 Rc6 38. Raxf7 Raxa6 39. Rf8 Kh6 40. Rg8 Rg6 0-1

[Event "*** SCC Grand Prix: Titled Tuesday Blitz"]
[Site "Chess.com"]
[Date "2020.07.14"]
[Round "2"]
[White "Yoshikrov"]
[Black "sergeikim"]
[Result "1-0"]
[WhiteElo "2128"]
[BlackElo "2383"]
[TimeControl "180+1"]
[EndTime "10:18:20 PDT"]
[Termination "Yoshikrov won by resignation"]

1. e4 e5 2. Nf3 Nc6 3. d4 exd4 4. Nxd4 Bc5 5. Nb3 Bb6 6. Nc3 Nf6 7. Bg5 h6 8. Bh4 g5 9. Bg3 d6 10. Bc4 Qe7 11.
f3 Be6 12. Nd5 Bxd5 13. Bxd5 Nxd5 14. Qxd5 O-O-O 15. O-O-O Kb8 16. Kb1 Qe6 17. c3 Qxd5 18. Rxd5 Ne7 19. Rd3 f5 20. exf5 Nxf5 21. Re1 Rhe8 22.
Rdd1 Kc8 23. Rxe8 Rxe8 24. Re1 Kd7 25. Rxe8 Kxe8 26. Be1 Kd7 27. g4 Ne3 28. Bf2 Nf1 29.
Bxb6 axb6 30. h3 c5 31. Kc2 Ne3+ 32. Kd3 Ng2 33. Ke4 Ke6 34. c4 Nf4 35. h4 d5+ 36.
cxd5+ Nxd5 37. hxg5 hxg5 38. Nd2 Nf6+ 39. Ke3 b5 40. Ne4 Nxe4 41. Kxe4 c4 42. f4 gxf4 43. Kxf4 b4 44. Ke4 Kf6 45. Kd4 c3 46. bxc3 bxc3 47.
Kxc3 Kg5 48. Kb4 Kxg4 49. Kb5 Kf5 50. Kb6 Ke4 51. a4 Kd4 52. a5 Kc4 53. Kxb7 1-0

[Event "*** SCC Grand Prix: Titled Tuesday Blitz"]
[Site "Chess.com"]
[Date "2020.07.14"]
[Round "2"]
[White "OparinGrigoriy"]
[Black "arminmusovic"]
[Result "1-0"]
[WhiteElo "2926"]
[BlackElo "2554"]
[TimeControl "180+1"]
[EndTime "10:18:21 PDT"]
[Termination "OparinGrigoriy won by resignation"]

1. Nf3 a6 2. d4 e6 3. e4 d5 4.
Nc3 Nf6 5. Bd3 Be7 6. O-O dxe4 7. Nxe4 Nxe4 8. Bxe4 Nd7 9. c4 c5 10. Be3 Nf6 11. Bc2 cxd4 12. Bxd4 O-O 13. Qe2 Qa5 14. a3 Qh5 15. Rfe1 Rd8 16. Rad1 Bd7 17. Ne5 Be8 18. Qxh5 Nxh5 19. Be4 f6 20. Nf3 e5 21. Bb6 Rxd1 22. Rxd1 Nf4 23. Be3 Bc6 24. Bxc6 bxc6 25. Bxf4 exf4 26.
Kf1 Rb8 27. Rd2 Bc5 28. b4 Bf8 29. c5 a5 30. Rd4 axb4 31. axb4 Ra8 32. Rxf4 Ra1+ 33.
Ke2 Ra2+ 34. Nd2 Kf7 35. Rd4 g6 36. f4 Ke6 37. Kd3 f5 38. Kc4 Bg7 39. Rd6+ Ke7 40. g3 Rc2+ 41. Kd3 Rb2 42. Rxc6 Ra2 43. Rc7+ Kf8 44.
Nc4 Ra1 45. b5 Rd1+ 46. Ke2 Rc1 47. Nd6 Bd4 48. b6 Rb1 49. b7 Rb2+ 50. Kd3 Bg1 51. Rc8+ Ke7 52. b8=Q Rxb8 53. Rxb8 Bxc5 54. Nc4 Bg1 55.
Rb7+ Kf6 56. Rxh7 g5 57. fxg5+ Kxg5 58. Ne3 f4 59. gxf4+ Kxf4 60. Nd5+ Kg4 61. Ke4 Bc5 62.
h3+ Kg5 63. Nf4 Bd6 64. h4+ Kg4 65. Rg7+ Kxh4 66. Kf5 1-0

[Event "*** SCC Grand Prix: Titled Tuesday Blitz"]
[Site "Chess.com"]
[Date "2020.07.14"]
[Round "2"]
[White "Airquake"]
[Black "catalin009"]
[Result "1-0"]
[WhiteElo "2606"]
[BlackElo "2315"]
[TimeControl "180+1"]
[EndTime "10:18:21 PDT"]
[Termination "Airquake won by resignation"]

1. g3 Nf6 2. Bg2 d5 3. b3 e6 4. Bb2 Be7 5. d3 O-O 6. Nd2 a5 7. e3 a4 8. Ne2 Nc6 9. O-O a3 10.
Bc1 Nb4 11. d4 c5 12. c3 Nd3 13. dxc5 Bxc5 14. b4 Be7 15. Nd4 Bd7 16. e4 e5 17.
N4b3 Bb5 18. exd5 Nxc1 19. c4 Nxb3 20. axb3 Be8 21. b5 Bb4 22. Qc2 Qd6 23. Rfd1 b6 24. Nf1 Rc8 25. Qe2 Bd7 26. Ne3 Rfe8 27. h3 Bc3 28.
Ra2 Qb4 29. Rb1 Bb2 30. Nc2 Qxb3 31. Rxa3 Qxa3 32. Nxa3 Bxa3 33. Bf1 Bc5 34. Ra1 Bf5 35. Ra7 Ne4 36. Qf3 Bg6 37. h4 h5 38. Bd3 Bxf2+ 39. Kg2 Nd2 40. Qxf2 Bxd3 41. Qxd2 Bxc4 42. d6 Rcd8 43. d7 Re7 44. Qd6 Re6 45. Qc7 Rxd7 46. Qxd7 e4 47. Qxf7+ 1-0

[Event "*** SCC Grand Prix: Titled Tuesday Blitz"]
[Site "Chess.com"]
[Date "2020.07.14"]
[Round "2"]
[White "ShahMatKanal"]
[Black "Sychev_Klementy"]
[Result "1-0"]
[WhiteElo "2500"]
[BlackElo "2730"]
[TimeControl "180+1"]
[EndTime "10:18:22 PDT"]
[Termination "ShahMatKanal won on time"]

1. d4 Nf6 2. Bf4 d5 3. e3 e6 4. Nd2 Bd6 5. Ngf3 O-O 6. Bd3 c5 7. c3 Qc7 8. Bxd6 Qxd6 9. Ne5 Nc6 10. f4 Ne7 11. O-O b6 12. Qf3 Bb7 13. Ng4 Nd7 14. Qh3 Nf5 15. Nf3 f6 16. Rae1 Rf7 17. Nf2 g6 18. g4 Ne7 19. g5 f5 20. Ne5 Nxe5 21.
fxe5 Qd7 22. Qg3 Kg7 23. Nh3 Rh8 24. Nf4 c4 25. Bc2 h5 26. gxh6+ Rxh6 27. Kh1 Bc8 28. Rg1 Qd8 29. Rg2 Qh8 30. Reg1 Qh7 31. b3 Kf8 32. bxc4 dxc4 33. e4 Rg7 34. d5 g5 35. exf5 Nxf5 36.
Bxf5 exf5 37. Ne6+ Bxe6 38. dxe6 Rxe6 39. Qf3 Re8 40.
Qd5 Qh5 41. e6 Qh6 42. Qxf5+ Kg8 43. Rxg5 Rxg5 44. Rxg5+ Kh8 45. Rh5 1-0

[Event "*** SCC Grand Prix: Titled Tuesday Blitz"]
[Site "Chess.com"]
[Date "2020.07.14"]
[Round "2"]
[White "zajka-molotok"]
[Black "FMOlexandrProhorov"]
[Result "1-0"]
[WhiteElo "2411"]
[BlackElo "2147"]
[TimeControl "180+1"]
[EndTime "10:18:22 PDT"]
[Termination "zajka-molotok won by resignation"]

1. e4 c5 2. c3 Nf6 3. e5 Nd5 4.
d4 cxd4 5. Nf3 e6 6. cxd4 b6 7.
Bc4 Bb7 8. O-O d6 9. Nc3 Nxc3 10. bxc3 Qc7 11. Bb5+ Nd7 12. Bf4 Be7 13. exd6 Bxd6 14. Bxd6 Qxd6 15. Ne5 Rd8 16. Bxd7+ Rxd7 17. Nxd7 Qxd7 18.
Qg4 O-O 19. a4 Qc6 20. Qg3 Rc8 21. Rfc1 Qc4 22. a5 b5 23. a6 Bd5 24. h3 h6 25. Rcb1 Kh7 26. Rb4 Qc6 27. Qd3+ f5 28. Qxb5 Qxc3 29. Rbb1 Qxd4 30. Qf1 e5 31. Rd1 Qe4 32.
Re1 Qd4 33. Rad1 Qb6 34. Rxe5 Ba8 35. Qe1 f4 36. Qd2 Rf8 37. Qd3+ Kh8 38. Kh2 Qc6 39. f3 Rc8 40. Rd5 Qf6 41. Rd8+ 1-0

[Event "*** SCC Grand Prix: Titled Tuesday Blitz"]
[Site "Chess.com"]
[Date "2020.07.14"]
[Round "2"]
[White "awesomevishesh"]
[Black "QueenOfTactics90"]
[Result "1-0"]
[WhiteElo "2355"]
[BlackElo "1999"]
[TimeControl "180+1"]
[EndTime "10:18:22 PDT"]
[Termination "awesomevishesh won by checkmate"]

1. d4 Nf6 2. c4 e6 3. g3 d5 4.
Bg2 Be7 5. Nf3 O-O 6. O-O c6 7.
Qc2 dxc4 8. Qxc4 b5 9. Qc2 Ba6 10. Rd1 Qb6 11. Ne5 Rc8 12. Nc3 Bb7 13. a4 b4 14. a5 b3 15. Qd3 Qa6 16. Qf3 Rc7 17.
e4 c5 18. dxc5 Bxc5 19. Bf1 Qd6 20. Rxd6 Bxd6 21. Nc4 Bb4 22. Bf4 Rc8 23. Nd6 Bxd6 24. Bxd6 Nc6 25. a6 Nd4 26. Qd3 Bxe4 27. Qxd4 Bd5 28.
Nxd5 Nxd5 29. Bg2 Rd8 30. Bc5 Rac8 31. Bxa7 Nc3 32. Qxc3 Rxc3 33. bxc3 Rd7 34. Bd4 f5 35. a7 Kf7 36. a8=Q Rxd4 37. cxd4 g6 38. Rb1 Kg7 39. Rxb3 Kh6 40. Qf8+ Kh5 41. Bf3+ Kg5 42. h4# 1-0

[Event "*** SCC Grand Prix: Titled Tuesday Blitz"]
[Site "Chess.com"]
[Date "2020.07.14"]
[Round "2"]
[White "Chess_Boxer123"]
[Black "brunoo2003"]
[Result "1-0"]
[WhiteElo "2569"]
[BlackElo "2222"]
[TimeControl "180+1"]
[EndTime "10:18:24 PDT"]
[Termination "Chess_Boxer123 won by resignation"]

1. d4 Nf6 2. Bf4 g6 3. Nc3 d5 4. e3 Bg7 5. h4 h5 6. Nb5 Na6 7. Nf3 c6 8. Nc3 Bg4 9. Bxa6 bxa6 10.
Na4 Bxf3 11. gxf3 Nd7 12. c3 e5 13. Bg3 exd4 14. exd4 O-O 15. Kf1 Re8 16. Kg2 Nb6 17. Nc5 Nd7 18. Nd3 Qb6 19. Qd2 c5 20. dxc5 Nxc5 21.
Nb4 Rad8 22. Nxd5 Qb7 23. Rad1 Na4 24. Qg5 Nxb2 25. Ne7+ Qxe7 26. Qxe7 Rxe7 27. Rxd8+ Kh7 28. Rc1 Nc4 29. Rc2 Na3 30. Rc1 Nc4 31. Rd4 Bxd4 32.
cxd4 Nb6 33. Be5 Rd7 34. f4 Nd5 35. Rc8 f6 36. Bb8 Nb6 37. Rc7 Rxc7 38. Bxc7 Kg7 39. f5 gxf5 40. Kf3 Kf7 41. Bb8 Nc8 42. d5 Nb6 43. d6 Ke6 44. Bxa7 Nc4 45. Bc5 Nxd6 46. Bxd6 Kxd6 47. Kf4 Ke6 48. f3 a5 49. a4 Ke7 50.
Kxf5 Kf7 51. f4 Ke7 52. Kg6 Ke6 53. Kxh5 Kf5 54. Kh6 Kxf4 55. Kg6 Kg4 56. h5 f5 57. h6 f4 58. h7 f3 59. h8=Q f2 60. Qa1 1-0